 Dungeon Crawl Stone Soup version 0.16.1-2-g95b8d4c (webtiles) character file.

70 Ololoev the Vexing (level 4, -12/21 HPs)
             Began as a Spriggan Enchanter on Mar 24, 2015.
             Killed from afar by an orc wizard (14 damage)
             ... with a puff of frost
             ... on level 2 of the Dungeon.
             The game lasted 00:05:07 (1065 turns).

Ololoev the Vexing (Spriggan Enchanter)             Turns: 1065, Time: 00:05:07

Health: -12/21     AC:  3    Str:  4    XL:     4   Next: 3%
Magic:  5/14       EV: 18    Int: 20    God:
Gold:   84         SH:  0    Dex: 16    Spells: 2 memorised, 5 levels left

rFire  . . .     SeeInvis +     i - +1 short sword (elec)
rCold  . . .     Clarity  +     b - +1 robe
rNeg   . . .     SustAb   .     (shield restricted)
rPois  .         Gourm    .     (helmet restricted)
rElec  .         Spirit   .     (no cloak)
rCorr  .         Warding  .     (gloves unavailable)
rMut   .         Stasis   .     (boots unavailable)
MR     .....                    c - amulet of clarity
Stlth  +++.......               (no ring)
                                f - +3 ring of intelligence

@: very slightly contaminated, very quick, not resistant to hostile
enchantments, fairly stealthy
A: unfitting armour, see invisible, herbivore 3, speed 3, slow metabolism 2
a: no special abilities


You were on level 2 of the Dungeon.
You were not hungry.

You visited 1 branch of the dungeon, and saw 3 of its levels.

You collected 84 gold pieces.

Notes
Turn   | Place    | Note
--------------------------------------------------------------
     0 | D:1      | Ololoev, the Spriggan Enchanter, began the quest for the Orb.
     0 | D:1      | Reached XP level 1. HP: 9/9 MP: 4/4
   121 | D:2      | Reached XP level 2. HP: 13/13 MP: 6/8
   126 | D:2      | Learned a level 2 spell: Ensorcelled Hibernation
   128 | D:2      | Noticed Jessica
   140 | D:2      | Killed Jessica
   184 | D:2      | Reached XP level 3. HP: 12/16 MP: 11/11
   569 | D:3      | Noticed a phantom
   835 | D:2      | Learned a level 3 spell: Confuse
   993 | D:3      | Reached XP level 4. HP: 9/21 MP: 11/14
  1058 | D:3      | HP: 1/21 [orc wizard/dagger (4)]
  1065 | D:2      | Killed from afar by an orc wizard

Inventory:

Hand weapons
 i - a +1 short sword of electrocution (weapon)
Armour
 b - a +1 robe (worn)
Jewellery
 c - an amulet of clarity (around neck)
 f - a +3 ring of intelligence (left hand)
Potions
 h - a potion of agility {unknown}
 j - a potion of might {unknown}
Comestibles
 a - 3 fruits
 d - 2 bread rations

Table legend:
 A = Turns spent in this place as a percentage of turns spent in the entire game.
 B = Non-inter-level travel turns spent in this place as a percentage of non-inter-level travel turns spent in the entire game.
 C = Inter-level travel turns spent in this place as a percentage of turns spent in this place.
 D = Turns resting spent in this place as a percentage of non-inter-level travel turns spent in this place.
 E = Turns spent auto-exploring this place as a percentage of non-inter-level travel turns spent in this place.
 F = Non-inter-level travel turns spent in this place divided by the number of levels of this place that you've seen.
                   A       B       C       D       E      F
               +-------+-------+-------+-------+-------+----------------------
         Total | 100.0 | 100.0 |   0.4 |   4.6 |   0.5 | 188.3
       Dungeon | 100.0 | 100.0 |   0.4 |   4.6 |   0.5 | 188.3
               +-------+-------+-------+-------+-------+----------------------


   Skills:
 + Level 2.1 Short Blades
 - Level 3.0 Dodging
 - Level 4.4 Stealth
 + Level 3.6 Spellcasting
 * Level 4.9 Hexes


You had 5 spell levels left.
You knew the following spells:

 Your Spells              Type           Power        Failure   Level  Hunger
b - Ensorcelled Hibernat  Hex/Ice        ##....       10%         2    ##.....
c - Confuse               Hex            ###.....     8%          3    ###....


Dungeon Overview and Level Annotations

Branches:
Dungeon (3/15)

Altars:


Innate Abilities, Weirdness & Mutations

You are tiny and cannot use many weapons and most armour.
You have supernaturally acute eyesight.
You are a herbivore.
You cover ground extremely quickly.
You need consume almost no food.


Message History

Aiming: Ensorcelled Hibernation
Press: ? - help, Shift-Dir - straight line, f/p - orc
Aim: an orc, wearing a leather armour (chance 62%)
The orc resists with significant effort.
The orc priest shouts!
The orc barely misses you. The orc barely misses you.
The orc wizard hits you with a dagger.
You climb upwards.
There is a stone staircase leading down here.
Casting: Ensorcelled Hibernation
Confirm with . or Enter, or press ? or * to list all spells.
Aiming: Ensorcelled Hibernation
Press: ? - help, Shift-Dir - straight line, f - orc
Aim: an orc, wearing a leather armour (chance 62%)
The orc resists with significant effort.
The orc wizard gestures wildly while chanting.
The orc wizard flickers and vanishes for a moment.
The orc barely misses you.
Casting: Ensorcelled Hibernation
Confirm with . or Enter, or press ? or * to list all spells.
Aiming: Ensorcelled Hibernation
Press: ? - help, Shift-Dir - straight line, f/p - orc
Aim: an orc, wearing a leather armour (chance 62%)
The orc looks drowsy...
The helpless orc fails to defend itself.
You hit the orc!!
There is a sudden explosion of sparks!
You kill the orc!
The orc wizard gestures wildly while chanting.
The orc wizard seems to speed up.
Casting: Ensorcelled Hibernation
Confirm with . or Enter, or press ? or * to list all spells.
Aiming: Ensorcelled Hibernation
Press: ? - help, Shift-Dir - straight line, f - orc wizard
Aim: an orc wizard, wielding a dagger and wearing a robe (fast, slightly transparent, chance 44%)
You miscast Ensorcelled Hibernation.
You hear an indistinct dissonance whispering inside your mind.
The orc wizard points at you and mumbles some strange words.
The puff of frost hits you!
Ouch! That really hurt!
You die...

..# #.#...# ######..........
..# #.##..###...............
..# #..#...#................
..# #..##.##................
..#
######.....##..............##
..#
#......†.#.##..............#
.##
+.........[................#
.#
#.......#..###.............#
.#
#.......#.>o@+.........†...#
##
#.......######....[........#
#####.......# #.............#
#....######## #.......#######
#....# ######### .....#
)<...# ...### )..#


You could see an orc wizard (invisible).

Table legend:
 A = Kills in this place as a percentage of kills in entire the game.
 B = Kills by you in this place as a percentage of kills by you in the entire game.
 C = Kills by friends in this place as a percentage of kills by friends in the entire game.
 D = Other kills in this place as a percentage of other kills in the entire game.
 E = Experience gained in this place as a percentage of experience gained in the entire game.
 F = Experience gained in this place divided by the number of levels of this place that you have seen.
                   A       B       C       D       E      F
               +-------+-------+-------+-------+-------+----------------------
         Total | 100.0 | 100.0 |  -nan |  -nan | 100.0 |  33.3
       Dungeon | 100.0 | 100.0 |  -nan |  -nan | 100.0 |  33.3
               +-------+-------+-------+-------+-------+----------------------

Vanquished Creatures
  Jessica (D:2)
  A gnoll (D:2)
  An adder (D:3)
  A giant gecko (D:2)
  An orc (D:2)
  6 bats
  5 goblins
  2 hobgoblins (D:2)
  3 jackals (D:2)
  3 kobolds
  A quokka (D:2)
  2 giant newts (D:2)
  5 rats
32 creatures vanquished.

Action                   |  1- 3 |  4- 6 || total
-------------------------+-------+-------++-------
Melee: Dagger            |    10 |       ||    10
       Short sword       |    81 |     1 ||    82
 Cast: Ensorcelled Hiber |     8 |     3 ||    11
  Use: Scroll            |     1 |       ||     1
       Potion            |       |     1 ||     1
 Stab: Sleeping          |     9 |     1 ||    10

Vault maps used:
D:1:      dpeg_arrival_pits
D:2:      uniq_jessica
D:3:      uniq_sigmund
